 Dungeon Crawl Stone Soup version 0.23.1-37-gaa34b87 (webtiles) character file.

Game seed: 0

3308 Borgoz the Ducker (level 10, -5/83 HPs)
             Began as a Ghoul Monk on Mar 18, 2019.
             Was a Believer of Ashenzari.
             Slain by Harold
             ... wielding a +0 battleaxe
              (7 damage)
             ... on level 8 of the Dungeon on Mar 21, 2019.
             The game lasted 00:35:21 (12901 turns).

Borgoz the Ducker (Ghoul Monk)                     Turns: 12901, Time: 00:35:21

Health: -5/83      AC: 19    Str: 16    XL:     10   Next: 1%
Magic:  9/9        EV: 15    Int:  5    God:    Ashenzari [**....]
Gold:   0          SH:  0    Dex: 18    Spells: 9/9 levels left

rFire    . . .     SeeInvis .   a - +1 dagger (protect)
rCold    + . .     Gourm    .   (no shield)
rNeg     + + +     Faith    .   h - +0 ring mail
rPois    ∞         Spirit   .   g - +0 helmet
rElec    .         Reflect  .   (no cloak)
rCorr    .         Harm     .   l - +0 pair of gloves
MR       .....                  i - +2 pair of boots
Stlth    +++.......             (no amulet)
HPRegen  0.00/turn              r - +4 ring of dexterity
MPRegen  0.11/turn              (no ring)

@: marked, protection aura, rotting
A: rotting body, claws 1, carnivore, cold resistance 1, negative energy
resistance 3, inhibited regeneration, torment resistance, unbreathing
a: Curse Item, Scrying, Renounce Religion


You were on level 8 of the Dungeon.
You worshipped Ashenzari.
Ashenzari was pleased with you.
You were not hungry.

You visited 2 branches of the dungeon, and saw 10 of its levels.
You also visited: Sewer.

Inventory:

Hand Weapons
 a - a +1 dagger of protection (weapon)
Armour
 g - a +0 helmet (worn)
 h - a +0 ring mail (worn)
 i - a +2 pair of boots (worn)
 l - a +0 pair of gloves (worn)
Jewellery
 r - a +4 ring of dexterity (left hand)
Scrolls
 d - a scroll of fog
 e - 3 scrolls of enchant armour
 f - a scroll of identify
 o - a scroll of teleportation
 u - 2 scrolls of blinking
Potions
 k - a potion of flight
 s - a potion of magic
Comestibles
 c - 12 rations


   Skills:
 + Level 6.2 Fighting
 * Level 6.9 Short Blades
 * Level 6.1 Armour
 * Level 6.9 Dodging
 + Level 6.0 Stealth


You had 9 spell levels left.
You didn't know any spells.
Your spell library contained the following spells:

 Spells                   Type           Power        Failure   Level  Hunger
 Sandblast                Erth           #.....       67%         1    ##.....
 Passwall                 Tmut/Erth      #.......     80%         2    ###....
 Stone Arrow              Conj/Erth      #.....       95%         3    ####...
 Petrify                  Tmut/Erth      #.......     100%        4    #####..
 Lee's Rapid Deconstruct  Erth           #.........   100%        5    ######.


Dungeon Overview and Level Annotations

Branches:
Dungeon (9/15)             Temple (1/1) D:4
   Lair: D:8-11         Orc: D:9-12

Altars:
Ashenzari
Cheibriados
Dithmenos
Elyvilon
Fedhas
Gozag
Hepliaklqana
Kikubaaqudgha
Makhleb
Nemelex Xobeh
Okawaru
Qazlal
Ru
Sif Muna
Trog
Uskayaw
Vehumet
Wu Jian
Xom
Yredelemnul
Zin
The Shining One

Annotations:
D:8 Harold, Maurice


Innate Abilities, Weirdness & Mutations

Your body is rotting away.
You thrive on raw meat.
You are immune to poison.
You have sharp fingernails.
You are carnivorous and can eat meat at any time.
Your flesh is cold resistant. (rC+)
You are immune to negative energy. (rN+++)
You do not regenerate when monsters are visible.
You are immune to unholy pain and torment.
You can survive without breathing.


Message History

You hit Harold but do no damage.
Harold is moderately wounded.
You hit Harold but do no damage.
Harold is moderately wounded.
Maurice throws a stone.
The stone closely misses you. Harold hits you with a +0 battleaxe!
* * * LOW HITPOINT WARNING * * *
You hit Harold but do no damage.
Harold is moderately wounded.
Maurice throws a stone.
The stone barely misses you.
You hit Harold.
Harold is moderately wounded.
Harold hits you but does no damage.
You hit Harold but do no damage.
Harold is moderately wounded.
Maurice throws a stone.
The stone hits you but does no damage.
You hit Harold.
Harold is moderately wounded.
Harold hits you with a +0 battleaxe!
You die...

#..##.......########'##'####
#..########................#
#...#.....#.....(..........#
#...#....@'................#
######...##................#
.....#...#.......###########
.....#...#.......#
.....'...#.......#
.....##..#......@# ***
##....#+########@......= ,
#....#...# #........
#....'...# #........
##....#.### **#........
....##### ***,##....### * *
....# ,, ....# ....# , ,,
....# ....# * *, *


You could see Harold and Maurice.

Vanquished Creatures
  Grinder (D:5)
  3 hippogriffs
  A golden eye (D:8)
  Edmund (D:6)
  Duvessa (D:4)
  2 ice beasts (D:5)
  A phantom (D:5)
  An ogre (D:5)
  A sky beast (D:5)
  A big kobold (Sewer)
  3 bullfrogs
  A water moccasin zombie (D:5)
  Dowan (D:4)
  A water moccasin skeleton (D:7)
  A scorpion (D:6)
  4 killer bees
  4 howler monkeys
  2 crimson imps
  3 hounds
  A jelly (D:4)
  3 orc priests
  7 orc wizards
  Jessica (D:6)
  2 iguanas
  2 worker ants
  A hound skeleton (D:4)
  2 howler monkey zombies
  Robin (D:3)
  7 gnolls
  8 adders
  3 river rats (Sewer)
  A shadow imp (D:8)
  An adder zombie (D:5)
  2 adder skeletons
  7 worms
  2 dart slugs
  3 leopard geckos
  29 orcs
  6 giant cockroaches
  5 hobgoblins
  11 jackals
  11 kobolds
  2 quokkas
  2 ball pythons (D:4)
  6 bats
  7 frilled lizards
  25 goblins
  A jackal skeleton (D:7)
  2 leopard gecko skeletons
  2 quokka skeletons (D:5)
  6 rats
202 creatures vanquished.

Vanquished Creatures (others)
  2 plants (D:3)
2 creatures vanquished.

Grand Total: 204 creatures vanquished

Notes
Turn   | Place    | Note
-------+----------+-------------------------------------------
     0 | D:1      | Borgoz the Ghoul Monk began the quest for the Orb.
     0 | D:1      | Reached XP level 1. HP: 19/19 MP: 0/0
   348 | D:1      | Reached XP level 2. HP: 26/26 MP: 1/1
   791 | D:2      | Upgraded the game from 0.23.1 to 0.23.1-37-gaa34b87
   870 | D:2      | Found a shimmering altar of Xom.
   878 | D:2      | Reached XP level 3. HP: 31/31 MP: 2/2
   906 | D:2      | Reached skill level 1 in Armour
  1268 | D:2      | Reached XP level 4. HP: 9/39 MP: 3/3
  1897 | D:3      | Found a blossoming altar of Fedhas.
  1906 | D:3      | Noticed Robin
  2005 | D:3      | Killed Robin
  2461 | D:3      | Reached XP level 5. HP: 33/46 MP: 4/4
  3253 | D:3      | Reached XP level 6. HP: 32/52 MP: 5/5
  4096 | D:4      | Found a glowing drain.
  4147 | Sewer    | Entered a sewer
  4299 | Sewer    | Reached XP level 7. HP: 44/59 MP: 6/6
  4375 | Sewer    | Found a glowing silver altar of Zin.
  4717 | D:4      | Found a snail-covered altar of Cheibriados.
  4787 | D:4      | Found a staircase to the Ecumenical Temple.
  4803 | Temple   | Entered the Ecumenical Temple
  5034 | Temple   | Became a worshipper of Ashenzari the Shackled
  5034 | Temple   | Reached * piety under Ashenzari
  5034 | Temple   | Reached ** piety under Ashenzari
  5218 | D:4      | Noticed Duvessa
  5218 | D:4      | Noticed Dowan
  5256 | D:4      | Killed Duvessa
  5271 | D:4      | Killed Dowan
  5283 | D:4      | Found a burning altar of Makhleb.
  5288 | D:4      | Found a sparkling altar of Nemelex Xobeh.
  5294 | D:4      | Found a shadowy altar of Dithmenos.
  5643 | D:5      | Entered Level 5 of the Dungeon
  6212 | D:5      | Reached XP level 8. HP: 65/67 MP: 7/7
  6349 | D:5      | Noticed Grinder
  6371 | D:5      | Paralysed by Grinder for 5 turns
  6406 | D:5      | Paralysed by Grinder for 6 turns
  6422 | D:5      | Paralysed by Grinder for 6 turns
  6439 | D:5      | Killed Grinder
  6439 | D:5      | Reached skill level 5 in Short Blades
  6439 | D:5      | Reached skill level 5 in Dodging
  6599 | D:5      | Reached skill level 5 in Fighting
  7554 | D:5      | Reached XP level 9. HP: 50/74 MP: 8/8
  8008 | D:6      | Reached skill level 5 in Stealth
  8110 | D:6      | Reached skill level 5 in Armour
  8239 | D:6      | Noticed Edmund
  8305 | D:6      | Killed Edmund
  8341 | D:6      | Noticed Jessica
  8347 | D:6      | Found a deep blue altar of Sif Muna.
  8366 | D:6      | Killed Jessica
  8461 | D:6      | Found an ancient bone altar of Kikubaaqudgha.
  9477 | D:9      | Noticed a two-headed ogre
  9528 | D:8      | Noticed Maurice
 10958 | D:7      | Noticed a moth of wrath
 10962 | D:7      | Found a bloodstained altar of Trog.
 11762 | D:8      | Found a hazy altar of Hepliaklqana.
 11764 | D:8      | Noticed Prince Ribbit
 11769 | D:8      | Noticed Prince Ribbit
 11769 | D:8      | Prince Ribbit changed into Prince Ribbit the golden eye
 12044 | D:8      | Killed Prince Ribbit the golden eye
 12675 | D:8      | Reached XP level 10. HP: 35/83 MP: 9/9
 12854 | D:8      | Noticed Harold
 12897 | D:8      | HP: 2/83 [Harold/+0 battleaxe (15)]
 12901 | D:8      | Slain by Harold

Skill      XL: |  1  2  3  4  5  6  7  8  9 10 |
---------------+-------------------------------+-----
Short Blades   | 3 4 5 6 |  6.9
Dodging        | 3 4 5 6 |  6.9
Armour         | 1 2 3 4 6 |  6.1
Fighting       | 4 5 6 |  6.2
Stealth        | 3 4 5 6 |  6.0

Action                   |  1- 3 |  4- 6 |  7- 9 | 10-12 || total
-------------------------+-------+-------+-------+-------++-------
Melee: Short sword       |   151 |   456 |   179 |       ||   786
       Dagger            |       |       |  1463 |    79 ||  1542
       Rapier            |       |       |    61 |       ||    61
Evoke: Wand              |       |       |     2 |       ||     2
  Use: Scroll            |     5 |     2 |     7 |       ||    14
       Potion            |     1 |     2 |    13 |       ||    16
 Stab: Sleeping          |     5 |     4 |     6 |       ||    15
       Distracted        |       |       |     1 |       ||     1
  Eat: Chunk             |    22 |    36 |    40 |     5 ||   103
Armor: Robe              |    27 |    37 |       |       ||    64
       Ring mail         |       |   111 |   584 |     9 ||   704
Dodge: Dodged            |    87 |   261 |   883 |    21 ||  1252
